AoeStats
← 神圣罗马帝国 | Holy Roman

African Clearing

510934008Analyzed
4v4 RM · 8h ago on Oct 3, 2026· 13m 34s· 8 players
Game mode
Random Map
Map size
Large (8 player)
Population
200
Speed
Normal
Resources
Standard
Victory
Conquest
Starting age
Dark Age
Ending age
Imperial Age
RankedLock teamsTeams togetherTeam positionsShared explorationLock speedFull tech treeHidden civsTurbo modeCheats
Victory
Defeat
🇯🇵 Koreans · Japan
1298
+17
🇻🇳 Saxons · Vietnam
1295
+17
1264
+18
🇨🇳 Japanese · China
1254
+19
🇦🇷 Goths · Argentina
1347
-19
🇺🇸 Danes · United States
1328
-18
🇹🇼 Berbers · Taiwan
1322
-18
🇹🇼 Vietnamese · Taiwan
1261
-16
Valodimer
12:19 Feudal Age
13:22 Stone Mining
13:41 Fletching
kojimo
12:23 Feudal Age
10:40 Loom
神圣罗马帝国 | Holy Roman
围家建筑工
5:38 Loom
14:44 Feudal Age
BøM_從小不缺鮑魚
Azi
KanA
10:46 Loom
13:35 Feudal Age
genghis bong
Connection lost

Rejoining the realm…

Still unreachable

The connection could not be restored.

Session expired

The server has moved on; the page needs a fresh start.